 Dungeon Crawl Stone Soup version 0.29-a0-8-g0446c0dae4 (webtiles) character file.

Game seed: 15933340368628490421

343 crazypyro the Digger (level 6, -2/32 HPs)
             Began as a Gargoyle Earth Elementalist on Jan 27, 2022.
             Slain by an orc (4 damage)
             ... on level 3 of the Dungeon.
             The game lasted 00:10:49 (3153 turns).

crazypyro the Digger (Gargoyle Earth Elementalist)  Turns: 3153, Time: 00:10:51

Health: -2/32      AC: 10    Str: 12    XL:     6   Next: 57%
Magic:  0/11       EV: 10    Int: 17    God:
Gold:   140        SH:  0    Dex: 10    Spells: 7/11 levels left

rFire   + + +      SeeInvis .   d - +0 short sword
rCold   . . .      Faith    .   (no shield)
rNeg    + . .      Spirit   .   l - +0 ring mail "Billefown" {rPois rF+++ Stlth-}
rPois   ∞          Reflect  .   (no helmet)
rElec   +          Harm     .   (no cloak)
rCorr   .          Rampage  .   (no gloves)
Will    .....                   (no boots)
Stlth   ..........              (no amulet)
HPRegen 0.10/turn               a - ring of flight
MPRegen 0.12/turn               (no ring)

@: flying, very slightly contaminated
A: sickness immunity, AC +4, negative energy resistance 1, electricity
resistance, torment resistance 1, petrification resistance
a: no special abilities


You were on level 3 of the Dungeon.
You visited 1 branch of the dungeon, and saw 3 of its levels.

You collected 140 gold pieces.

Inventory:

Hand Weapons
 d - a +0 short sword (weapon)
Armour
 b - a +0 robe
 l - the +0 ring mail "Billefown" (worn) {rPois rF+++ Stlth-}
   (You found it on level 2 of the Dungeon)

   rF:        It renders you almost immune to fire.
   rPois:     It protects you from poison.
   Stlth:     It makes you less stealthy.
Jewellery
 a - a ring of flight (left hand)
Scrolls
 c - a scroll of blinking {unknown}
 e - a scroll of enchant armour {unknown}
 f - 2 scrolls of identify {unknown}
 g - a scroll of magic mapping {unknown}
 h - a scroll of vulnerability {unknown}
 k - a scroll of teleportation {unknown}
Potions
 i - a potion of lignification {unknown}
 j - a potion of might {unknown}
 m - 3 potions of heal wounds {unknown}


   Skills:
 * Level 3.5 Armour
 - Level 1.7 Dodging
 - Level 2.4 Stealth
 + Level 3.4 Spellcasting
 + Level 2.6 Conjurations
 - Level 1.0 Transmutations
 + Level 5.2 Earth Magic


You had 7 spell levels left.
You knew the following spells:

 Your Spells              Type           Power      Damage    Failure   Level
a - Sandblast             Erth           40%        2d10      4%          1
b - Stone Arrow           Conj/Erth      32%        3d9       22%         3

Your spell library contained the following spells:

 Spells                   Type           Power      Damage    Failure   Level
 Passwall                 Tmut/Erth      10%        N/A       14%         2
 Petrify                  Tmut/Erth      13%        N/A       67%         4


Dungeon Overview and Level Annotations

Branches:
Dungeon (3/15)

Altars:
Beogh


Innate Abilities, Weirdness & Mutations

You are immune to sickness and miasma.
Your stone body is resilient. (AC +4)
You are immune to poison.
You resist negative energy. (rN+)
You are resistant to electric shocks. (rElec)
You are resistant to unholy torment.
You are immune to petrification.


Message History

Aim: an orc priest, wielding a +0 flail (68% to hit)
The stone arrow hits the orc!
You kill the orc!
The orc priest invokes the aid of Beogh against you.
Pain shoots through your body!
You closely miss the orc. The orc hits you but does no damage.
You hit the orc.
The orc is severely wounded.
The orc hits you with a +0 dagger.
You hit the orc.
The orc is almost dead.
The orc hits you but does no damage.
You hit the orc.
You kill the orc!
The orc priest hits you with a +0 flail!
You hit the orc.
The orc is heavily wounded.
The orc barely misses you.
The orc priest invokes the aid of Beogh against you.
Beogh smites you!
* * * LOW HITPOINT WARNING * * *
You hit the orc.
The orc is severely wounded.
The orc hits you with a +0 war axe!
* * * LOW HITPOINT WARNING * * *
The orc priest looks encouraged for a moment.
Your magical contamination has completely faded away.
You barely miss the orc.
The orc is severely wounded.
The orc misses you. The orc priest barely misses you.
Casting: Stone Arrow (quite dangerous; 22% risk of failure)
Confirm with . or Enter, or press ? or * to list all spells.
The spell is quite dangerous to miscast (22% risk of failure)!
Continue anyway?
Aiming: Stone Arrow (quite dangerous; 22% risk of failure)
Press: ? - help, Shift-Dir - straight line, f/p - orc priest
Aim: an orc priest, wielding a +0 flail (68% to hit)
You miscast Stone Arrow.
You are very lightly contaminated with residual magic.
Nothing appears to happen.
The orc hits you with a +0 war axe.
You die...

#####.....#..............####
........#.#.......#......#
......###.##############.#
.......##+### ####..#
............# #...##.#
)##.#.......######.8.8.#.###
...#.........#..)..oo_#...#
#####..#......#oo# #...#
###...........#.@## ##...#
......[...........#####....#
...........###.............#
.......#....##.............# ≈.
..)....#....##...##........##≈≈≈≈
..................+..............
.............###.##......########
+#...........###.##......#
..............##.#####+###


You could see an orc priest and an orc.

Vanquished Creatures
  A steam dragon (D:3)
  A necrophage (D:3)
  A hound (D:3)
  2 adders
  A worm (D:2)
  3 dart slugs
  6 orcs (D:3)
  6 bats
  6 endoplasms
  A giant cockroach (D:1)
  7 goblins
  6 hobgoblins
  2 jackals (D:1)
  5 kobolds
  2 quokkas (D:1)
  2 ball pythons
  A frilled lizard (D:1)
  5 rats
58 creatures vanquished.

Notes
Turn   | Place    | Note
-------+----------+-------------------------------------------
     0 | D:1      | crazypyro the Gargoyle Earth Elementalist began the quest
                  | for the Orb.
     0 | D:1      | Reached XP level 1. HP: 10/10 MP: 3/3
   357 | D:1      | Reached skill level 1 in Transmutations
   357 | D:1      | Reached XP level 2. HP: 2/15 MP: 0/5
   700 | D:1      | Reached skill level 4 in Earth Magic
   983 | D:1      | Reached XP level 3. HP: 19/19 MP: 2/6
   989 | D:1      | Learned a level 3 spell: Stone Arrow
  1294 | D:1      | Found a faded altar of an unknown god.
  1774 | D:2      | Identified the +0 ring mail "Billefown" {rPois rF+++
                  | Stlth-}
  1849 | D:2      | Reached skill level 1 in Conjurations
  2165 | D:2      | Reached XP level 4. HP: 24/24 MP: 1/8
  2573 | D:3      | Reached skill level 1 in Armour
  2576 | D:3      | Noticed a necrophage
  2682 | D:3      | Killed a necrophage
  2683 | D:3      | Reached XP level 5. HP: 24/28 MP: 3/9
  2907 | D:3      | Noticed a steam dragon
  2925 | D:3      | Killed a steam dragon
  2926 | D:3      | Reached skill level 5 in Earth Magic
  2926 | D:3      | Reached XP level 6. HP: 21/32 MP: 1/11
  3153 | D:3      | Slain by an orc

Illustrated notes

Levels and vault maps discovered:
D:1:      psy_arrival_basics, layout_basic,
          shapermc_ecumenical_altar_mp_highgroup, serial_curves, eino_curves_02,
          eino_curves_03
D:2:      layout_basic
D:3:      minmay_chambers_of_threes, layout_basic, xom_confusion_cloud,
          kennysheep_orc_chapel

Skill      XL: |  1  2  3  4  5 |
---------------+----------------+-----
Transmutations | 1 |  1.0
Earth Magic    | 4 5 |  5.2
Conjurations   | 1 2 |  2.6
Armour         | 2 3 |  3.5
Spellcasting   | 3 |  3.4
Dodging        | |  1.7
Stealth        | |  2.4

Action                   |  1- 3 |  4- 6 || total
-------------------------+-------+-------++-------
Melee: Unarmed           |     4 |       ||     4
       Short sword       |    27 |    27 ||    54
 Cast: Sandblast         |    51 |    25 ||    76
       Stone Arrow       |     2 |     4 ||     6
Armor: Robe              |    20 |       ||    20
       Ring mail         |     1 |    22 ||    23
Dodge: Dodged            |    34 |    28 ||    62

Table legend: (Time is in decaauts)
 A = Elapsed time spent in this place.
 B = Non-inter-level travel time spent in this place.
 C = Inter-level travel time spent in this place.
 D = Time resting spent in this place.
 E = Time spent auto-exploring this place.
 F = Levels seen in this place.
 G = Mean time per level.
                   A        B        C        D        E       F      G
               +--------+--------+--------+--------+--------+-----+--------+
         Total |   3157 |   3058 |     99 |      0 |   2603 |   3 | 1052.3 |
       Dungeon |   3157 |   3058 |     99 |      0 |   2603 |   3 | 1052.3 |
               +--------+--------+--------+--------+--------+-----+--------+

Top non-repeatable levels by time:
     D:1: 1476 daAuts
     D:2: 1153 daAuts
     D:3: 527 daAuts
